 Dungeon Crawl Stone Soup version 0.29-a0-398-ge13fd1374b (webtiles) character file.

Game seed: 18254182604351027593

49 hquester the Ducker (level 3, 0/19 HPs)
             Began as a Spriggan Monk on May 12, 2022.
             Slain by a hobgoblin (4 damage)
             ... on level 2 of the Dungeon.
             The game lasted 00:06:06 (1344 turns).

hquester the Ducker (Spriggan Monk)                 Turns: 1344, Time: 00:06:07

Health: 0/19       AC:  2    Str:  7    XL:     3   Next: 51%
Magic:  4/4        EV: 19    Int: 11    God:
Gold:   72         SH:  0    Dex: 19    Spells: 2/2 levels left

rFire   . . .      SeeInvis +   a - +0 short sword
rCold   . . .      Faith    .   (no shield)
rNeg    . . .      Spirit   .   b - +0 robe
rPois   .          Reflect  .   (helmet restricted)
rElec   .          Harm     .   (no cloak)
rCorr   .          Rampage  .   (gloves unavailable)
Will    .....                   (boots unavailable)
Stlth   +++.......              (no amulet)
HPRegen 0.06/turn               (no ring)
MPRegen 0.09/turn               (no ring)

@: very quick
A: very small, no large weapons, unfitting armour, see invisible, speed 3
a: no special abilities


You were on level 2 of the Dungeon.
You visited 1 branch of the dungeon, and saw 2 of its levels.

You collected 72 gold pieces.

Inventory:

Hand Weapons
 a - a +0 short sword (weapon)
Missiles
 d - a throwing net (quivered)
Armour
 b - a +0 robe (worn)
Jewellery
 h - a ring of protection from fire
Scrolls
 g - 2 scrolls of identify
Potions
 c - a potion of ambrosia
 e - a potion of might
 f - a potion of curing


   Skills:
 + Level 2.6 Fighting
 + Level 3.7 Short Blades
 * Level 4.7 Dodging
 * Level 4.3 Stealth


You had 2 spell levels left.
You didn't know any spells.
Your spell library contained the following spells:

 Spells                   Type           Power      Damage    Failure   Level
 Corpse Rot               Necr/Air       0%         N/A       47%         2
 Poisonous Vapours        Pois/Air       0%         N/A       47%         2


Dungeon Overview and Level Annotations

Branches:
Dungeon (2/15)

Altars:


Innate Abilities, Weirdness & Mutations

You are very small and have problems with some larger weapons.
You are too small for most types of armour.
You have supernaturally acute eyesight. (SInv)
You cover ground extremely quickly. (Speed+++)


Message History

The jackal closely misses you.
You hit the jackal but do no damage.
The jackal is severely wounded.
The jackal barely misses you. The jackal misses you.
You hit the jackal.
You kill the jackal!
The jackal closely misses you.
You hit the jackal.
The jackal is moderately wounded.
The jackal misses you.
You closely miss the jackal.
The jackal is moderately wounded.
The jackal closely misses you.
You hit the jackal.
You kill the jackal!
The jackal misses you.
You barely miss the jackal. The jackal completely misses you.
You closely miss the jackal. The jackal misses you.
You hit the jackal.
You kill the jackal!
You hit the frilled lizard.
The frilled lizard is heavily wounded.
The frilled lizard barely misses you.
You barely miss the frilled lizard.
The frilled lizard is heavily wounded.
The frilled lizard closely misses you.
You closely miss the frilled lizard.
The frilled lizard is heavily wounded.
The frilled lizard misses you.
You hit the frilled lizard.
You kill the frilled lizard!
The hobgoblin misses you.
You see here a frilled lizard corpse.
You closely miss the hobgoblin. The hobgoblin hits you.
* * * LOW HITPOINT WARNING * * *
Unknown command.
You hit the hobgoblin.
The hobgoblin is lightly wounded.
The hobgoblin hits you.
You die...

#.. ###..## #.# #..... ##.
##..## ####.#######..... .
##..######....#........... ..
####.....##.###..#####.....
.................[.######.....
.#############.#....#.....##.#
#..####.....####.. #.##
##.##....... #@# #..#...###..
### ##g#####.#...## #..
..[..###..........#..###..
......).......######.##..#
.....l##...#### ###.##..#
.....(...### #........
.....##### #..≈≈≈... $..
######..≈_≈..# ..
#.......≈≈≈..#


You could see a hobgoblin.

Vanquished Creatures
  An adder (D:2)
  A dart slug (D:2)
  5 endoplasms
  A giant cockroach (D:2)
  2 goblins (D:2)
  5 hobgoblins
  5 jackals (D:2)
  2 quokkas (D:1)
  5 ball pythons
  A bat (D:2)
  2 frilled lizards (D:2)
  A kobold (D:2)
  3 rats (D:2)
34 creatures vanquished.

Vanquished Creatures (others)
  6 plants
6 creatures vanquished.

Grand Total: 40 creatures vanquished

Notes
Turn   | Place    | Note
-------+----------+-------------------------------------------
     0 | D:1      | hquester the Spriggan Monk began the quest for the Orb.
     0 | D:1      | Reached XP level 1. HP: 11/11 MP: 2/2
   417 | D:1      | Reached XP level 2. HP: 16/16 MP: 3/3
   971 | D:2      | Identified the +2 leather armour of Dishonour {Drain rC++
                  | Will+ MP+9}
  1047 | D:2      | Reached XP level 3. HP: 19/19 MP: 4/4
  1231 | D:2      | Found a faded altar of an unknown god.
  1344 | D:2      | Slain by a hobgoblin

Illustrated notes

Levels and vault maps discovered:
D:1:      dpeg_arrival_orchard, layout_basic, minmay_hedge_maze
D:2:      layout_rooms, hellmonk_ecumenical_altar_pennies_from_heaven,
          serial_bayou_ford_a

Skill      XL: |  1  2 |
---------------+-------+-----
Stealth        | 4 |  4.3
Fighting       | |  2.6
Short Blades   | |  3.7
Dodging        | |  4.7

Action                   || total
-------------------------++-------
Melee: Short sword       ||   108
       Punch             ||     2
  Use: Scroll            ||     5
 Stab: Sleeping          ||     5
Armor: Robe              ||     4
Dodge: Dodged            ||    78

Table legend: (Time is in decaauts)
 A = Elapsed time spent in this place.
 B = Non-inter-level travel time spent in this place.
 C = Inter-level travel time spent in this place.
 D = Time resting spent in this place.
 E = Time spent auto-exploring this place.
 F = Levels seen in this place.
 G = Mean time per level.
                   A        B        C        D        E       F      G
               +--------+--------+--------+--------+--------+-----+--------+
         Total |    964 |    964 |      0 |      0 |    681 |   2 |  482.0 |
       Dungeon |    964 |    964 |      0 |      0 |    681 |   2 |  482.0 |
               +--------+--------+--------+--------+--------+-----+--------+

Top non-repeatable levels by time:
     D:1: 551 daAuts
     D:2: 413 daAuts
